Map: Invader LE

Players

capac

  • Race: Terran Terran
  • League: Gold

Irony - Winner!

  • Race: Terran Terran
  • League: Platinum

VOD

Have the link to the VOD?

Description

Time

  • Played on: April 18, 2016, 3 p.m.
  • Length: 18:02
Show
View Real Time Build Order
Export as new Build Order

capac Terran 

Build Orders: Reaper Expand, MMM Bio 

Get SALT Encoding   

  12  0:00  SCV  
  13  0:13  SCV  
  14  0:18  Supply Depot  
  14  0:25  SCV  
  15  0:39  SCV  
  15  0:41  Barracks  
  16  0:45  Refinery  
  16  0:51  SCV  
  17  1:03  SCV  
  18  1:15  SCV  
  19  1:28  Reaper  
  19  1:31  Orbital Command  
  20  1:41  Supply Depot  
  20  1:48  Command Center  
  20  1:58  SCV  
  20  2:00  Marine  
  22  2:12  Factory  
  22  2:15  Refinery  
  22  2:16  SCV  
  23  2:23  Barracks Reactor  
  23  2:30  Barracks, SCV  
  22  2:55  SCV  
  22  2:56  Factory Tech Lab  
  23  3:04  Command Center  
  23  3:06  Marine x2  
  24  3:21  Siege Tank  
  24  3:22  Marine  
  24  3:24  Marine  
  27  3:46  Marine x3  
  24  3:59  Siege Tank  
  25  4:04  Marine x3  
  28  4:20  SCV  
  29  4:34  Orbital Command  
  29  4:37  Siege Tank  
  32  4:43  SCV  
  33  4:55  Barracks Tech Lab, Barracks, SCV  
  33  4:59  SCV  
  35  5:09  Starport  
  35  5:10  SCV  
  36  5:20  Siege Tank  
  39  5:21  SCV  
  39  5:22  SCV  
  39  5:25  Marine  
  39  5:26  Marine x2  
  44  5:29  Stimpack  
  44  5:43  Marine x2, SCV x2  
  44  5:44  Marine  
  44  5:45  Barracks Reactor  
  44  5:49  Barracks, Starport Reactor  
  49  5:54  Engineering Bay  
  49  5:56  SCV  
  50  5:59  SCV  
  50  6:03  Marine  
  50  6:04  Marine x2  
  54  6:12  Orbital Command  
  54  6:21  Marine  
  55  6:26  SCV x2  
  57  6:34  Marine x3  
  57  6:35  Marine  
  57  6:37  Supply Depot  
  61  6:43  SCV, Medivac  
  61  6:45  Medivac  
  66  6:56  SCV x2  
  66  6:57  Missile Turret  
  66  7:01  SCV  
  69  7:08  Supply Depot  
  69  7:13  Terran Infantry Weapons Level 1, Marine, SCV  
  69  7:14  Marine  
  72  7:16  Barracks Reactor  
  72  7:23  Missile Turret  
  72  7:24  Marine x2  
  72  7:25  Marine  
  72  7:26  SCV  
  76  7:30  SCV x2  
  76  7:35  Marine x2  
  80  7:40  SCV  
  80  7:42  Marine, SCV  
  80  7:43  SCV  
  84  7:47  Marine  
  85  7:53  Barracks  
  85  7:57  Supply Depot  
  85  8:00  Supply Depot  
  85  8:10  Missile Turret  
  85  8:14  Marine x5  
  85  8:15  SCV x3  
  85  8:18  Marine x2  
  85  8:19  Siege Tank, Medivac  
  100  8:20  Combat Shields  
  100  8:21  Medivac  
  102  8:27  Supply Depot  
  102  8:28  Supply Depot  
  102  8:29  SCV x3  
  105  8:34  Marine  
  105  8:35  Marine x2  
  105  8:36  Marine, Missile Turret  
  109  8:44  Refinery  
  109  8:46  Refinery  
  109  8:49  Marine, SCV  
  109  8:52  Marine x3  
  109  8:55  Barracks Reactor  
  114  9:03  SCV, Missile Turret  
  114  9:04  Siege Tank, SCV x2  
  114  9:07  Medivac  
  122  9:12  Medivac  
  122  9:15  Supply Depot  
  124  9:21  Supply Depot  
  124  9:33  SCV  
  125  9:39  Siege Tank  
  125  9:44  Viking  
  125  9:45  Viking, SCV  
  133  9:49  Supply Depot  
  133  9:50  Supply Depot  
  133  9:56  Refinery  
  133  9:57  SCV x3  
  133  9:58  Refinery  
  136  10:04  Command Center  
  136  10:07  Terran Infantry Armor Level 1  
  136  10:09  SCV x2  
  138  10:14  Armory  
  138  10:19  Viking x2  
  142  10:21  SCV  
  140  10:33  SCV  
  134  10:45  SCV  
  135  10:57  SCV  
  135  10:58  Viking x2  
  139  11:09  SCV  
  127  12:11  Marine x5  
  127  12:12  Marine x2  
  134  12:16  Viking x2  
  138  12:29  Marine x2  
  140  12:37  Marine x2  
  140  12:38  Marine x3, Command Center  
  140  12:44  Marine x2  
  146  12:45  Siege Tank  
  146  12:46  Marine  
  146  12:47  Marine  
  146  12:49  Terran Ship Weapons Level 1  
  146  12:50  Terran Infantry Weapons Level 2, Starport  
  152  12:52  Engineering Bay  
  152  12:54  Supply Depot  
  152  12:55  Marine  
  152  12:57  Supply Depot  
  153  13:02  Starport  
  153  13:19  Marine x7  
  159  13:20  Marine  
  159  13:21  Viking x2  
  165  13:38  Starport Tech Lab  
  165  13:43  Starport Tech Lab  
  165  13:44  Fusion Core  
  155  13:52  Planetary Fortress  
  145  14:02  Starport Reactor  
  145  14:04  Medivac x2  
  133  14:40  Marine x6  
  133  14:41  Marine x3  
  141  14:58  Marine  
  110  15:23  Marine x8  
  110  15:24  Marine  
  114  15:40  Marine x2  
  114  15:41  Marine x7  
  97  15:58  Marine x3  
  97  15:59  Marine x5  
  97  16:00  Liberator  
  97  16:01  Liberator x4  
  82  16:13  Marine  
  82  16:16  Marine x3  
  92  17:05  Marine  
  92  17:06  Marine x6  
  92  17:07  Marine  
  100  17:11  Marine  
  101  17:23  Marine x2  
  101  17:24  Marine x4  
  101  17:27  Command Center  
  107  17:33  Command Center  
Show
View Real Time Build Order
Export as new Build Order

Irony Terran - Winner!

Build Orders:  

Get SALT Encoding   

  12  0:08  SCV  
  13  0:19  Supply Depot  
  13  0:21  SCV  
  14  0:33  Refinery, SCV  
  15  0:43  Barracks  
  15  0:48  SCV  
  16  1:00  SCV  
  17  1:09  Barracks  
  17  1:13  SCV  
  18  1:21  Barracks  
  18  1:26  SCV  
  18  1:30  Reaper  
  20  1:38  SCV  
  21  1:43  Refinery  
  21  1:50  Supply Depot  
  21  1:54  SCV  
  21  1:58  Reaper  
  23  2:12  Reaper, SCV  
  23  2:14  Supply Depot  
  25  2:17  Reaper  
  26  2:24  SCV  
  27  2:33  Reaper  
  28  2:56  Reaper x2  
  30  2:58  Orbital Command  
  30  3:31  Reaper x3  
  30  4:03  Reaper x2  
  32  4:16  Factory  
  32  4:17  Barracks  
  32  4:18  Barracks  
  32  4:19  Barracks  
  32  4:20  Command Center  
  32  4:21  Barracks  
  32  4:35  Reaper  
  32  4:37  Reaper  
  34  4:39  Barracks Tech Lab  
  34  4:54  SCV  
  34  4:55  Command Center  
  35  5:02  Factory Tech Lab  
  35  5:06  SCV  
  36  5:09  Starport  
  36  5:13  Barracks Tech Lab  
  36  5:24  SCV  
  37  5:30  Refinery  
  37  5:32  Refinery, Marine x3  
  42  5:36  Orbital Command, SCV  
  41  5:48  SCV  
  42  5:53  Siege Tank  
  42  5:55  Starport Reactor  
  45  6:00  SCV  
  46  6:06  SCV  
  46  6:09  Barracks Reactor  
  46  6:10  Barracks Reactor  
  47  6:12  Orbital Command, SCV  
  47  6:18  SCV  
  49  6:21  Marine x2  
  49  6:24  SCV  
  54  6:30  SCV  
  54  6:31  Supply Depot  
  55  6:36  SCV  
  54  6:40  Medivac x2  
  54  6:42  Siege Tank  
  54  6:45  SCV  
  62  6:54  Orbital Command  
  62  6:55  SCV  
  63  7:03  Engineering Bay  
  63  7:04  Engineering Bay  
  63  7:06  SCV  
  63  7:07  Armory  
  64  7:13  Supply Depot  
  64  7:15  Stimpack  
  64  7:30  Combat Shields  
  64  7:31  Marine  
  64  7:32  Marine x3  
  64  7:35  Medivac x2  
  72  7:37  Siege Tank  
  72  7:39  SCV  
  72  7:41  SCV  
  72  7:42  SCV  
  78  7:49  Terran Infantry Weapons Level 1  
  78  7:50  Terran Infantry Armor Level 1  
  78  7:58  SCV x2  
  78  7:59  SCV  
  81  8:06  Terran Vehicle Weapons Level 1  
  81  8:07  Sensor Tower  
  81  8:10  SCV  
  81  8:11  SCV x2  
  84  8:17  Refinery  
  84  8:18  Refinery  
  84  8:23  SCV  
  85  8:36  Supply Depot  
  85  8:37  Supply Depot  
  85  8:38  Barracks Reactor x2  
  85  8:39  Supply Depot  
  85  8:49  Supply Depot  
  85  8:54  Marine x4, Liberator, SCV, Siege Tank  
  93  8:57  Marine x2, SCV, Medivac  
  93  8:58  SCV  
  99  9:06  SCV  
  103  9:10  Liberator, SCV x2  
  103  9:14  Marine x2  
  103  9:15  Marine x6  
  113  9:25  Marine  
  113  9:26  Marine  
  118  9:34  Marine x2  
  118  9:35  Marine x2, Command Center  
  122  9:55  SCV x3  
  125  10:01  Terran Infantry Weapons Level 2  
  125  10:04  Terran Infantry Armor Level 2  
  125  10:08  Terran Vehicle Weapons Level 2  
  125  10:16  Supply Depot  
  125  10:17  Supply Depot  
  125  10:29  Liberator x2  
  125  10:37  Marine x8  
  125  10:39  Marine x2, Siege Tank, SCV x3  
  144  10:55  Marine x4  
  146  11:18  Marine  
  146  11:19  Marine x9, Liberator  
  146  11:24  Liberator  
  156  11:36  Marine x2  
  156  11:38  Marine  
  139  12:01  Liberator  
  139  12:05  Starport  
  139  12:07  Liberator  
  139  12:08  Marine x9  
  140  12:09  Marine  
  140  12:10  Siege Tank  
  149  12:15  Starport  
  149  12:18  Factory  
  149  12:26  Marine x4  
  156  12:42  Orbital Command  
  156  12:50  Terran Infantry Weapons Level 3  
  156  12:51  Terran Infantry Armor Level 3, Terran Vehicle Weapons Level 3  
  156  13:08  Starport Reactor x2  
  156  13:11  Factory Tech Lab  
  156  14:01  Supply Depot  
  156  14:02  Supply Depot  
  156  14:04  Supply Depot  
  156  14:05  Supply Depot, Liberator x2  
  156  14:07  Supply Depot  
  156  14:08  Liberator x2  
  156  14:10  Liberator  
  156  14:14  Command Center  
  156  14:17  Command Center  
  156  14:22  Medivac  
  156  14:24  Marine x4, Siege Tank, SCV  
  172  14:25  Marine, SCV  
  172  14:27  Marine x3, SCV x2  
  172  14:28  Marine x2  
  190  14:35  Liberator  
  187  14:39  SCV  
  187  14:41  Marine x2  
  187  14:43  Marine  
  187  14:44  Marine x2  
  186  14:46  Refinery, Marine  
  186  14:47  Refinery  
  190  14:56  Thor  
  194  15:07  Siege Tank  
  148  15:31  Medivac x4  
  148  15:32  Marine x10  
  166  15:49  Marine  
  160  15:50  Marine x9  
  167  16:00  Liberator x4  
  167  16:01  Liberator x2  
  167  16:07  Marine  
  167  16:08  Marine x6  
  189  16:18  Marine  
  189  16:19  Marine x2  
  189  16:20  Siege Tank x2  
  189  16:25  Marine  
  198  16:26  Marine  
  200  16:44  Liberator x5  
  200  16:45  Liberator  
  182  17:03  Marine x3  
  200  17:48  Starport  
  200  17:51  Armory  
  188  17:54  Armory  
Tags
 
Composition
MMM Bio
Matchup
TvT
Race
Terran
Add a new tag
Caveats
  • Supply blocks, unpowered buildings, or Contaminate may cause inaccurate times.
  • Supply counts are checked every 10 seconds.